Unix NetHack Version 5.0.0-0 post-release - last build Jun 10 2026 00:39:30 (3ee93aec679c4c4259841fe613dc97188e26a321,branch:main).

Game began 2026-07-02 21:33:41, ended 2026-07-02 21:56:37.

ARFwashere, neutral male human Archeologist

                                       ..0
                                       .).
                                       ...
                                      .....
                                      -.@h.
                                      --.)..
                                      |......
                                       -......
                                        ---....
                                          |....
                                          |....
                                         .....
                                          .|.

ARFwashere the Field Worker  St:12 Dx:11 Co:11 In:16 Wi:17 Ch:11  Neutral
Dlvl:4  $:31 HP:0(27) Pw:16(16) AC:5  Xp:4 T:1341  Burdened

Latest messages:
 The gnome hits!
 You hit the gnome.
 The gnome hits!
 You kill the gnome!
 The kitten drops a corroded arrow.
 You have a little trouble lifting 2 food rations.  Continue? [ynq] (q) y
 You learn more about your items by comparing them.
 You have a little trouble lifting d - 2 uncursed food rations (6 in total).
 Your movements are slowed slightly because of your load.
 Your kitten eats a gnome corpse.
 You hit the gnome.
 The dwarf picks up a corroded arrow.
 You hit the gnome.
 The gnome misses!
 You climb up the stairs.
 The elf zombie hits!
 You hit the elf zombie!
 You hit the elf zombie.
 You miss the elf zombie.
 The elf zombie hits!
 You hit the elf zombie.
 You destroy the elf zombie!
 You see here an elf corpse.
 You see here an elf corpse.
 You see here a locked chest.
 You see here a leathery spellbook.
 What do you want to use or apply? [ae-hGM-O or ?*] G
 You snuff out your candle.
 You see here a leathery spellbook.
 You fall down the stairs.
 The gnome hits!
 The gnome hits!
 The gnome hits!
 You kill the gnome!
 It is hit.
 You hit the gnome!
 The gnome hits!
 You miss the gnome.
 It bites the gnome.
 The gnome is killed!
 The dwarf picks up an orange gem.
 It misses the dwarf.
 The dwarf swings his broad pick.
 The dwarf hits!
 You die...
 Do you want your possessions identified? [ynq] (y) n
 Do you want to see your attributes? [ynq] (y) n
 Do you want an account of creatures vanquished? [ynaq] (y) n
 Do you want to see your conduct and achievements? [ynq] (y) n
 Do you want to see the dungeon overview? [ynq] (y) n

Inventory:
 Coins    ('$')
  $ - 31 gold pieces
 Weapons  (')')
  K - 3 +0 daggers (at the ready)
  a - a +2 bullwhip
 Armor    ('[')
  c - an uncursed +0 fedora
  i - an uncursed +0 orcish helm (being worn)
  H - an uncursed +0 pair of iron shoes (being worn)
  E - an uncursed +0 shield of shock resistance (being worn)
  F - an uncursed +0 dwarvish cloak (being worn)
  b - an uncursed +0 leather jacket (being worn)
 Comestibles  ('%')
  d - 6 uncursed food rations
 Scrolls  ('?')
  k - an uncursed scroll of enchant armor
  j - an uncursed scroll of taming
 Potions  ('!')
  L - an uncursed potion of fruit juice
  P - an uncursed potion of levitation
 Tools    ('(')
  h - an empty uncursed sack
  M - a cursed wooden harp
  e - a +0 pick-axe (weapon in right hand)
  G - an uncursed partly used tallow candle
  N - a cursed tin whistle
  f - a tinning kit (0:53)
  O - an uncursed towel
 Gems/Stones  ('*')
  J - an uncursed dilithium crystal
  Q - an uncursed worthless piece of red glass
  g - an uncursed touchstone

ARFwashere the Archeologist's attributes:

Background:
 You were a Field Worker, a level 4 male human Archeologist.
 You were neutral, on a mission for Camaxtli
 who was opposed by Quetzalcoatl (lawful) and Huhetotl (chaotic).
 You were right-handed.
 You were in the Gnomish Mines, on level 4.
 You entered the dungeon 1341 turns ago.
 There was a full moon in effect when your adventure ended.
 You had 135 experience points, 25 more were needed to attain level 5.

Basics:
 You had 0 out of 27 hit points.
 You had all 16 energy points (spell power).
 Your armor class was 5.
 Your wallet contained 31 zorkmids.
 Autopickup was on for '$' plus thrown.

Final Characteristics:
 Your strength was 12 (limit:18/100).
 Your dexterity was 11 (limit:18).
 Your constitution was 11 (limit:18).
 Your intelligence was 16 (limit:18).
 Your wisdom was 17 (limit:18).
 Your charisma was 11 (limit:18).

Final Status:
 You weren't hungry.
 You were burdened; movement was slightly slowed.
 You were wielding a pick-axe.
 You had basic skill with pick-axe.

Final Attributes:
 You were devoutly aligned.
 Your items were somewhat protected from fire.
 Your items were somewhat protected from cold.
 You were shock resistant.
 Your items were protected from electric shocks.
 You had automatic searching.
 You were warded.
 You were lucky.
 You are dead.

Miscellaneous:
 You didn't encounter any bones levels.
 Total elapsed playing time was 22 minutes and 55 seconds.

Major events:
 Turn
    1: ARFwashere the neutral male human Archeologist entered the dungeon
  479: entered the Gnomish Mines
  708: attained the rank of Field Worker (level 3)
 1341: killed by a dwarf

You didn't know any spells.

Skills:
 Fighting Skills
   bare handed combat [Unskilled]
   two weapon combat  [Unskilled]
   riding             [Unskilled]
 Weapon Skills
   dagger             [Unskilled]
   knife              [Unskilled]
   pick-axe           [Basic]
   short sword        [Unskilled]
   saber              [Unskilled]
   club               [Unskilled]
   quarterstaff       [Unskilled]
   sling              [Unskilled]
   dart               [Unskilled]
   boomerang          [Unskilled]
   whip               [Basic]
   unicorn horn       [Unskilled]
 Spellcasting Skills
   attack spells      [Unskilled]
   healing spells     [Unskilled]
   divination spells  [Unskilled]
   matter spells      [Unskilled]

Voluntary challenges:
 Character rerolling was not enabled.
 You never genocided any monsters.
 You never polymorphed an object.
 You never changed form.
 You used no wishes.
Achievements:
 You entered the Gnomish Mines.
 You entered a shop.
 You attained the rank of Field Worker.

 The Dungeons of Doom: levels 1 to 3
    Level 1:
    Level 2:
       A scroll shop, some fountains.
       Stairs down to The Gnomish Mines.
    Level 3:
 The Gnomish Mines: levels 3 to 4
    Level 3:
    Level 4: <- You were here.
       Final resting place for
          you, killed by a dwarf.


Vanquished creatures:
  2 gnome leaders
 an elf zombie
  2 dwarves
 an iguana
  a hobbit
 12 gnomes
  2 jackals
  a fox
  a kobold
  a goblin
  2 sewer rats
  a grid bug
  2 lichens
  a kobold zombie
  3 newts
33 creatures vanquished.

No species were genocided or became extinct.

Game over:
                       ----------
                      /          \
                     /    REST    \
                    /      IN      \
                   /     PEACE      \
                  /                  \
                  |    ARFwashere    |
                  |      31 Au       |
                  |   killed by a    |
                  |      dwarf       |
                  |                  |
                  |                  |
                  |       2026       |
                 *|     *  *  *      | *
        _________)/\\_//(\/(/\)/\//\/|_)_______

Goodbye ARFwashere the Archeologist...

You died in The Gnomish Mines on dungeon level 4 with 728 points,
and 31 pieces of gold, after 1341 moves.
You were level 4 with a maximum of 27 hit points when you died.

